 Dungeon Crawl Stone Soup version 0.29.0-4-gdea44cf6ec (webtiles) character file.

Game seed: 11729378394649736688

44 qw the Chopper (level 3, 0/21 HPs)
             Began as a Tengu Warper on Aug 28, 2022.
             Slain by an adder (2 damage)
             ... on level 2 of the Dungeon.
             The game lasted 00:00:09 (1610 turns).

qw the Chopper (Tengu Warper)                       Turns: 1610, Time: 00:00:09

Health: 0/21       AC:  4    Str: 13    XL:     3   Next: 60%
Magic:  7/7        EV: 12    Int: 13    God:
Gold:   112        SH:  0    Dex: 13    Spells: 6/6 levels left

rFire   + . .      SeeInvis .   Y - +0 hand axe
rCold   . . .      Faith    .   (no shield)
rNeg    . . .      Spirit   .   b - +0 leather armour
rPois   .          Reflect  .   i - +1 hat
rElec   .          Harm     .   (no cloak)
rCorr   .          Rampage  .   (no gloves)
Will    .....                   (boots unavailable)
Stlth   +.........              (no amulet)
HPRegen 0.07/turn               a - ring of protection from fire
MPRegen 0.10/turn               (no ring)

@: no status effects
A: beak, talons 3
a: no special abilities


You were on level 2 of the Dungeon.
You visited 1 branch of the dungeon, and saw 2 of its levels.

You collected 112 gold pieces.


Innate Abilities, Weirdness & Mutations

You have a beak for a mouth.
You have claws for feet.


   Skills:
 - Level 2.0 Fighting
 + Level 4.2 Axes
 - Level 1.0 Throwing
 - Level 1.1 Armour
 - Level 2.1 Dodging
 - Level 2.0 Spellcasting
 - Level 2.4 Translocations


You had 6 spell levels left.
You didn't know any spells.
Your spell library contained the following spells:

 Spells                   Type           Power      Damage    Failure   Level
 Blink                    Tloc           14%        N/A       19%         2
 Gell's Gravitas          Tloc           7%         N/A       36%         3
 Lesser Beckoning         Tloc           7%         N/A       36%         3
 Teleport Other           Tloc           7%         N/A       36%         3
 Manifold Assault         Tloc           7%         N/A       98%         5

Inventory:

Hand Weapons
 g - a +0 whip
 Y - a +0 hand axe (weapon)
Armour
 b - a +0 leather armour (worn)
 e - a +0 ring mail
 i - a +1 hat (worn)
Jewellery
 a - a ring of protection from fire (left hand)
Potions
 d - a potion of curing
 f - a potion of cancellation {unknown}
 h - a potion of mutation {unknown}

Dungeon Overview and Level Annotations

Branches:
Dungeon (2/15)

Altars:

Annotations:
D:2 Sigmund


Message History

Sigmund is heavily wounded.
You hit Sigmund. You claw Sigmund. You peck Sigmund.
Sigmund is severely wounded.
Sigmund hits you with a +0 scythe!
1603 ||| READING scroll of teleportation.
As you read the scroll of teleportation, it crumbles to dust.
You feel strangely unstable.
Sigmund says, "Look into my eyes."
Sigmund drinks a potion.
Sigmund is healed!
You hit Sigmund. You claw Sigmund, but do no damage.
Sigmund is moderately wounded.
Sigmund barely misses you.
You closely miss Sigmund. You claw Sigmund! Your peck misses Sigmund.
Sigmund is severely wounded.
Sigmund barely misses you.
You hit Sigmund but do no damage.
Sigmund is severely wounded.
Your surroundings suddenly seem different.
A hobgoblin and 2 adders come into view.
Found 8 gold pieces.
Found two stone staircases leading up.
Enter note:
Enter note: The adder hisses angrily. x2
You hit the hobgoblin.
You claw the hobgoblin, but do no damage.
The hobgoblin is severely wounded.
The hobgoblin closely misses you.
You hit the hobgoblin but do no damage. Your kick misses the hobgoblin.
You peck the hobgoblin.
You kill the hobgoblin!
You completely miss the adder. The adder barely misses you.
You hit the adder.
The adder is heavily wounded.
The adder bites you but does no damage.
You hit the adder.
The adder is severely wounded.
You hit the adder. The adder bites you.
You die...

~~~~~~~ ~~~ ~~~~~~ #.#
#~~~~~ #.# ## ##..$~ ~
#####.. .<#....## ..~
......# ####..<...#8..8
......# #......S...8..8
....@.####.##...@S......
....%..$>.........##....
...........####.### .
##....)..### #.
##.###.#.# #. ##. #.#.#
## ##[# #.#.# ##.# #.#.#
##.# #.#>#


You could see 2 adders.

Vanquished Creatures
  An adder (D:2)
  A dart slug (D:2)
  A ball python (D:1)
  4 endoplasms
  A giant cockroach (D:1)
  2 goblins
  5 hobgoblins
  3 jackals
  2 quokkas
  4 bats
  4 kobolds
  A rat (D:2)
29 creatures vanquished.

Notes
Turn   | Place    | Note
-------+----------+-------------------------------------------
     0 | D:1      | qw the Tengu Warper began the quest for the Orb.
     0 | D:1      | Reached XP level 1. HP: 12/12 MP: 4/4
     0 | D:1      | 0 ||| qw: Version: 0.1-a-89-g26bdef1
     0 | D:1      | 0 ||| qw: Game counter: 1055
     0 | D:1      | 0 ||| qw: Always use a shield: true
     0 | D:1      | 0 ||| qw: God list: Okawaru
     0 | D:1      | 0 ||| qw: Allow faded altars: false
     0 | D:1      | 0 ||| qw: Do Orc after D:15 true
     0 | D:1      | 0 ||| qw: Do second Lair branch before Depths: true
     0 | D:1      | 0 ||| qw: Lair rune preference: random
     0 | D:1      | 0 ||| qw: Plans: Normal
     0 | D:1      | 0 ||| PLANNING D:1-11
   143 | D:1      | Reached XP level 2. HP: 17/17 MP: 6/6
   158 | D:1      | Reached skill level 3 in Axes
   198 | D:1      | 198 ||| DROPPING +0 club.
   271 | D:1      | HP: 4/17 [jackal (2)]
   992 | D:1      | 992 ||| UPGRADING to +1 hat.
   997 | D:1      | 997 ||| READING scroll labelled XIPRO JABB.
   998 | D:1      | 998 ||| READING scroll labelled UGGATHRIYRIPS.
  1002 | D:1      | 1002 ||| DRINKING 2 orange potions.
  1003 | D:1      | 1003 ||| DROPPING scroll of blinking.
  1004 | D:1      | 1004 ||| DROPPING potion of brilliance.
  1092 | D:2      | Reached XP level 3. HP: 16/21 MP: 7/7
  1092 | D:2      | 1092 ||| FLEEEEING.
  1096 | D:2      | 1096 ||| FLEEEEING.
  1099 | D:2      | 1099 ||| FLEEEEING.
  1103 | D:2      | 1103 ||| FLEEEEING.
  1107 | D:2      | 1107 ||| FLEEEEING.
  1108 | D:2      | 1108 ||| FLEEEEING.
  1109 | D:2      | 1109 ||| FLEEEEING.
  1110 | D:2      | 1110 ||| FLEEEEING.
  1111 | D:2      | 1111 ||| FLEEEEING.
  1115 | D:2      | 1115 ||| FLEEEEING.
  1116 | D:2      | 1116 ||| FLEEEEING.
  1117 | D:2      | 1117 ||| FLEEEEING.
  1118 | D:2      | 1118 ||| FLEEEEING.
  1119 | D:2      | 1119 ||| FLEEEEING.
  1120 | D:2      | 1120 ||| FLEEEEING.
  1121 | D:2      | 1121 ||| FLEEEEING.
  1122 | D:2      | 1122 ||| FLEEEEING.
  1123 | D:2      | 1123 ||| STAIRDANCE
  1159 | D:1      | 1159 ||| UPGRADING to ring of protection from fire.
  1296 | D:2      | 1296 ||| Stepping ~*~*~tactically~*~*~ (stealth).
  1440 | D:2      | Reached skill level 4 in Axes
  1590 | D:2      | Noticed Sigmund
  1602 | D:2      | HP: 2/21 [Sigmund/+0 scythe (9)]
  1603 | D:2      | 1603 ||| READING scroll of teleportation.
  1610 | D:2      | Slain by an adder

Levels and vault maps discovered:
D:1:      dpeg_arrival_castle, layout_basic
D:2:      wander_river, layout_loops_ring, minmay_domino_4, uniq_sigmund

Skill      XL: |  1  2  3 |
---------------+----------+-----
Axes           | 3 4 |  4.2
Fighting       | |  2.0
Throwing       | |  1.0
Armour         | |  1.1
Dodging        | |  2.1
Spellcasting   | |  2.0
Translocations | |  2.4

Action                   || total
-------------------------++-------
Melee: Hand axe          ||    85
       Kick              ||    18
       Peck              ||    11
Throw: Boomerang         ||     7
  Use: Scroll            ||     3
       Potion            ||     1
Armor: Leather armour    ||    31
Dodge: Dodged            ||    47

Table legend:
 A = Non-vault XP
 B = Vault XP
 C = Vault XP percentage of total XP
 D = Non-vault monster count
 E = Vault monster count
 F = Vault count percentage of total count
                 A         B        C        D         E       F
            +---------+---------+-------+---------+---------+-------
      Total |      59 |       4 |   6.3 |      26 |       3 |  10.3
            +---------+---------+-------+---------+---------+-------
        D:1 |      29 |       0 |   0.0 |      16 |       0 |   0.0
        D:2 |      30 |       4 |  11.8 |      10 |       3 |  23.1
            +---------+---------+-------+---------+---------+-------
